 Dungeon Crawl Stone Soup version 0.10.0-32-gfa280cc character file.

434 Gorice2 the Sneak (level 6, -2/39 HPs)
             Began as a Halfling Wanderer on May 8, 2012.
             Was an Initiate of Okawaru.
             Slain by a centaur (7 damage)
             ... on Level 4 of the Dungeon.
             The game lasted 00:47:50 (3709 turns).

Gorice2 the Sneak (Halfling Wanderer)               Turns: 3709, Time: 00:47:50

HP  -2/39        AC  6     Str 12      XL: 6   Next: 28%
MP   6/6         EV 12     Int 12      God: Okawaru [......]
Gold 196         SH  0     Dex 15      Spells:  0 memorised,  5 levels left

Res.Fire  : . . .   See Invis. : .   b - +0 crossbow
Res.Cold  : . . .   Warding    : . . I - +1 orc leather armour
Life Prot.: . . .   Conserve   : .   (no shield)
Res.Acid. : . . .   Res.Corr.  : .   l - +1 helmet
Res.Poison: +       Clarity    : .   (no cloak)
Res.Elec. : .       Spirit.Shd : .   (no gloves)
Sust.Abil.: . .     Stasis     : .   (no boots)
Res.Mut.  : .       Ctrl.Telep.: .   (no amulet)
Res.Rott. : .       Levitation : .   (no ring)
Saprovore : . . .   Ctrl.Flight: .   j - ring of poison resistance

@: deflect missiles, slightly resistant to hostile enchantments, quite stealthy
A: mutation resistance 1, slow metabolism 1
a: Renounce Religion


You were on level 4 of the Dungeon.
You worshipped Okawaru.
Okawaru was noncommittal.
You were hungry.

You visited 2 branches of the dungeon, and saw 5 of its levels.

You collected 146 gold pieces.

Inventory:

Hand weapons
 a - a +0,+3 orcish dagger
 b - a +0,+0 crossbow (weapon)
 g - a +0,+0 dagger
 A - a +1,+0 elven short sword
 H - a -1,+0 orcish dagger
Missiles
 d - 14 +0 bolts (quivered)
 V - a steel +1 dart
 Z - 21 +0 stones
Armour
 e - a +0 shield
 l - a +1 helmet (worn)
 I - a +1 orcish leather armour (worn)
Comestibles
 c - a rotting chunk of worker ant flesh
 f - 4 bread rations
 i - an apple
 q - a pear
Scrolls
 h - a scroll of magic mapping {unknown}
 p - a scroll of teleportation
Jewellery
 j - a ring of poison resistance (left hand)
Potions
 k - a potion of heal wounds
 m - a potion of porridge {porridge, unknown}
 x - 2 potions of curing
 z - a potion of paralysis {unknown}
 K - a potion of brilliance {unknown}
Magical staves
 W - a +0 rod of warding (4/10)
   (You found it on level 3 of the Dungeon)


   Skills:
 - Level 3,8 Fighting
 + Level 0,8 Short Blades
 - Level 2,4 Bows
 + Level 4,3 Crossbows
 - Level 1,0 Armour
 + Level 0,4 Dodging
 + Level 5,2 Stealth
 + Level 1,7 Stabbing
 - Level 1,1 Shields
 - Level 1,1 Evocations


You had 5 spell levels left.
You didn't know any spells.

Dungeon Overview and Level Annotations

Branches:
Dungeon (4/27)             Temple (1/1) D:4

Altars:
Ashenzari
Cheibriados
Elyvilon
Fedhas
Kikubaaqudgha
Makhleb
Nemelex Xobeh
Okawaru
Sif Muna
Trog
Vehumet
Xom
Yredelemnul
Zin

Annotations
D:2 Terence
D:3 vpUX: Yiuf's house, 1 exclusion
D:4 Eustachio, Sigmund


Innate Abilities, Weirdness & Mutations

You are small and have problems with some larger weapons.
You are somewhat resistant to further mutation.
You have a slow metabolism.


Message History

Firing (i - inventory. (,) - cycle):
d - 17 +0 bolts (quivered)
Press: ? - help, Shift-Dir - straight line, f/p - centaur
Aim: a centaur, wielding a bow (heavily wounded)
You shoot a +0 bolt. The +0 bolt hits the centaur.
The centaur is heavily wounded.
The centaur unwields an uncursed bow.
The centaur hits you. The centaur hits you.
Firing (i - inventory. (,) - cycle):
d - 16 +0 bolts (quivered)
Press: ? - help, Shift-Dir - straight line, f/p - centaur
Aim: a centaur (heavily wounded)
You shoot a +0 bolt. The +0 bolt misses the centaur.
The centaur hits you!
* * * LOW HITPOINT WARNING * * *
The centaur hits you.
* * * LOW HITPOINT WARNING * * *
Firing (i - inventory. (,) - cycle):
d - 15 +0 bolts (quivered)
Press: ? - help, Shift-Dir - straight line, f/p - centaur
Aim: a centaur (heavily wounded)
You shoot a +0 bolt. The +0 bolt misses the centaur.
The centaur completely misses you. The centaur hits you!
You die...

#####+#### #.# # ####.#
.. #....# ...
#####+###### ...(..
#..(....(..# #....(. #
#.(.((.....###....(.
+...+..........#.......(
#(.?c@.......+ #......
#.#(#........# #......
#(....###+### #......
#+## #(#.#.### ##.# #..#
#.....#.. #>. #####.##
#######.###### ######
#......# #.......#
#..... #......#####
#.......# #.....
#.........)## #.......#
#.....


You could see a centaur.

Vanquished Creatures
  A scorpion (D:4)
  A worker ant (D:4)
  Ijyb (D:4)
  4 gnolls (D:2)
  5 adders
  6 giant geckos
  An ooze (D:1)
  3 orcs (D:4)
  5 giant cockroaches
  8 goblins
  5 hobgoblins
  A jackal (D:2)
  4 quokkas
  2 ball pythons
  9 bats
  8 giant newts
  10 kobolds
  8 rats
  A toadstool (D:2)
83 creatures vanquished.

Vanquished Creatures (others)
  A toadstool (D:1)
1 creature vanquished.

Grand Total: 84 creatures vanquished

Notes
Turn   | Place    | Note
--------------------------------------------------------------
     0 | D:1      | Gorice2, the Halfling Wanderer, began the quest for the Orb.
     0 | D:1      | Reached XP level 1. HP: 12/12 MP: 1/1
   104 | D:1      | Reached XP level 2. HP: 15/18 MP: 2/2
   212 | D:1      | Reached skill level 1 in Stealth
   336 | D:1      | Reached skill level 3 in Crossbows
   540 | D:1      | Reached XP level 3. HP: 20/22 MP: 3/3
  1266 | D:2      | Reached XP level 4. HP: 28/28 MP: 4/4
  1490 | D:2      | Noticed Terence
  1543 | D:2      | Reached skill level 4 in Stealth
  1688 | D:2      | Reached XP level 5. HP: 24/34 MP: 5/5
  2338 | D:3      | Identified a +0 rod of warding (10/10) (You found it on level 3 of the Dungeon)
  2577 | D:3      | Reached skill level 1 in Stabbing
  2858 | D:4      | Noticed Sigmund
  3003 | D:4      | Noticed Ijyb
  3018 | D:4      | Killed Ijyb
  3097 | D:4      | Reached skill level 5 in Stealth
  3097 | D:4      | Reached XP level 6. HP: 22/39 MP: 6/6
  3127 | D:4      | Found a staircase to the Ecumenical Temple.
  3150 | Temple   | Entered the Ecumenical Temple
  3420 | Temple   | Became a worshipper of Warmaster Okawaru
  3517 | D:4      | Noticed Eustachio
  3709 | D:4      | Slain by a centaur
